 Dungeon Crawl Stone Soup version 0.27.1-2-g3b301248ec (webtiles) character file.

Game seed: 9853993588035368476

2883 MisterFreud the Nimble (level 9, -9/66 HPs)
             Began as a Felid Berserker on Sept 22, 2021.
             Was an Elder of Trog.
             Mangled by a wyvern (15 damage)
             ... on level 8 of the Dungeon.
             The game lasted 00:13:07 (11261 turns).

MisterFreud the Nimble (Felid Berserker)           Turns: 11261, Time: 00:13:08

Health: -9/66      AC:  2    Str: 13    XL:     9   Next: 48%
Magic:  10/10      EV: 25    Int: 15    God:    Trog [****..]
Gold:   326        SH:  0    Dex: 18    Spells: 8/8 levels left
                                        Lives:  0   Deaths: 2

rFire    . . .     SeeInvis +     - Unarmed
rCold    . . .     Faith    .   (shield unavailable)
rNeg     . . .     Spirit   .   (armour unavailable)
rPois    .         Reflect  .   (helmet unavailable)
rElec    .         Harm     .   (cloak unavailable)
rCorr    .         Rampage  .   (gloves unavailable)
Will     +....                  (boots unavailable)
Stlth    ..........             (no amulet)
HPRegen  0.21/turn              u - +6 ring of intelligence
MPRegen  0.12/turn              (no ring)

@: berserking, very quick
A: very small, claws 1, fangs 3, see invisible, speed 1, shaggy fur 2, stealthy
paws, no weapons or thrown items, no armour, multi-lived
a: Renounce Religion, Berserk, Trog's Hand, Brothers in Arms


You were on level 8 of the Dungeon.
You worshipped Trog.
Trog was greatly pleased with you.
You visited 1 branch of the dungeon, and saw 8 of its levels.
You also visited: Sewer.

You collected 567 gold pieces.
You spent 241 gold pieces at shops.

Inventory:

Jewellery
 u - a +6 ring of intelligence (left paw)
 y - a ring of fire
Wands
 v - a wand of flame (22)
 x - a wand of polymorph (5)
Scrolls
 a - 10 scrolls of teleportation
 e - 2 scrolls of noise {unknown}
 f - 6 scrolls of identify
 g - a scroll of torment {unknown}
 i - a scroll of vulnerability {unknown}
 k - a scroll of holy word {unknown}
 m - a scroll of silence
 n - a scroll of magic mapping
 o - a scroll of enchant armour {unknown}
 p - 2 scrolls of amnesia {unknown}
 s - a scroll of immolation {unknown}
 t - 2 scrolls of summoning {unknown}
Potions
 b - a potion of cancellation
 c - 2 potions of invisibility
 d - a potion of mutation {unknown}
 j - 4 potions of flight
 l - a potion of might {unknown}
 q - a potion of resistance {unknown}
 r - a potion of degeneration {unknown}
 w - 2 potions of lignification {unknown}


   Skills:
 + Level 7.8 Fighting
 + Level 11.6 Dodging
 + Level 9.3 Stealth
 + Level 7.8 Unarmed Combat


You had 8 spell levels left.
You didn't know any spells.
Your spell library was empty.

Dungeon Overview and Level Annotations

Branches:
Dungeon (8/15)             Temple (0/1) D:4           Sewer (visited)
   Lair: D:8-11

Altars:
Fedhas
Okawaru
Ru
Vehumet
Xom

Shops:
D:4 [*?   D:5 [


Innate Abilities, Weirdness & Mutations

You have sharp claws.
You have razor-sharp teeth.
You have supernaturally acute eyesight. (SInv)
You cover ground quickly. (Speed+)
You are covered in thick fur. (AC +2)
Your paws help you pounce on unaware monsters.
You are incapable of wielding weapons or throwing items.
You cannot wear armour.
You gain extra lives every three experience levels.


Message History

The centaur zombie is severely damaged.
The centaur zombie hits you. The centaur zombie closely misses you.
You claw the centaur zombie!
The centaur zombie is almost destroyed.
The wyvern hisses angrily.
The centaur zombie completely misses you. x2
You claw the centaur zombie!
You destroy the centaur zombie!
Trog accepts your kill. The wyvern misses you.
You scratch the wyvern.
The wyvern is lightly wounded.
The wyvern completely misses you. The wyvern bites you!
You are too injured to fight recklessly!
You are too injured to fight recklessly!
You claw the wyvern!
The wyvern is heavily wounded.
The wyvern misses you.
You scratch the wyvern.
The wyvern is severely wounded.
The wyvern misses you.
You barely miss the wyvern. You claw the wyvern, but do no damage.
The wyvern is severely wounded.
The wyvern completely misses you. The wyvern barely misses you.
You scratch the wyvern but do no damage.
The wyvern is heavily wounded.
The wyvern hisses menacingly.
The wyvern bites you!
* * * LOW HITPOINT WARNING * * *
You closely miss the wyvern.
The wyvern is heavily wounded.
The wyvern misses you.
A red film seems to cover your vision as you go berserk!
You feel yourself moving faster!
You feel mighty! The wyvern closely misses you. The wyvern bites you!
* * * LOW HITPOINT WARNING * * *
You closely miss the wyvern. Your claw misses the wyvern.
The wyvern is heavily wounded.
The wyvern bites you!
You die...

?. #.. ##...#
.#....##..### ......
.....#......## ......
#............# #......
####.......#...##.......
...##...................
....##..................
....#......)...@.......
_...........###l.....##
...#.......# #......#
##.|.....# #.....##
##........# ........
####..#....#.# .........
#....####..#........#####
#...## ...........###..#
##.## ##.#.......###...#


You could see a wyvern.

Vanquished Creatures
  Erica (D:8)
  An ugly thing (D:7)
  Grinder (D:5)
  3 water moccasins
  An ice beast (D:7)
  2 sky beasts (D:5)
  2 centaurs
  3 ogres
  2 kobold brigands (D:7)
  4 scorpions
  A water moccasin skeleton (D:5)
  5 wights (D:6)
  5 howler monkeys
  3 centaur zombies
  6 crimson imps (D:7)
  A bullfrog zombie (D:5)
  A hound (D:4)
  A gnoll shaman (D:8)
  6 orc priests
  A centaur skeleton (D:5)
  5 iguanas
  7 orc wizards
  A merfolk avatar (Sewer)
  A merfolk siren (Sewer)
  A killer bee zombie (D:6)
  2 hound zombies (D:5)
  A mummy (D:5)
  2 howler monkey zombies
  12 gnolls
  9 adders
  3 river rats (Sewer)
  2 shadow imps
  4 white imps
  2 worms
  27 orcs
  12 ball pythons
  2 endoplasms
  6 giant cockroaches
  4 goblins
  7 hobgoblins
  4 quokkas
  3 bats
  10 frilled lizards
  13 kobolds
  3 kobold zombies (D:5)
  An orc zombie (D:5)
  27 rats
221 creatures vanquished.

Vanquished Creatures (others)
  A scorpion (D:5)
  2 orc wizards (D:7)
  An ufetubus (D:5)
  5 plants (D:3)
9 creatures vanquished.

Grand Total: 230 creatures vanquished

Notes
Turn   | Place    | Note
-------+----------+-------------------------------------------
     0 | D:1      | MisterFreud the Felid Berserker began the quest for the
                  | Orb.
     0 | D:1      | Reached XP level 1. HP: 10/10 MP: 2/2
   187 | D:1      | Reached skill level 1 in Stealth
   451 | D:1      | Reached XP level 2. HP: 8/14 MP: 3/3
   702 | D:1      | Found a faded altar of an unknown god.
  1002 | D:2      | Reached XP level 3. HP: 17/17 MP: 4/4
  1331 | D:2      | Reached XP level 4. HP: 21/21 MP: 5/5
  1402 | D:3      | Found a radiant altar of Vehumet.
  1402 | D:3      | Found an iron altar of Okawaru.
  1463 | D:3      | Reached ** piety under Trog
  1821 | D:3      | Found a blossoming altar of Fedhas.
  1852 | D:3      | Reached XP level 5. HP: 23/24 MP: 6/6
  1856 | D:3      | Reached skill level 5 in Stealth
  2041 | D:3      | Noticed an ogre
  2046 | D:3      | Killed an ogre
  2047 | D:3      | Reached skill level 5 in Unarmed Combat
  2047 | D:3      | Gained mutation: You are covered in thick fur. (AC +2)
                  | [Felid growth]
  2047 | D:3      | Reached XP level 6. HP: 28/28 MP: 7/7
  2392 | D:4      | Found a glowing drain.
  2407 | Sewer    | Entered a sewer
  3040 | Sewer    | HP: 2/42 [poisoned by an adder]
  3042 | Sewer    | Succumbed to an adder's poison
  3043 | Sewer    | Reached XP level 5. HP: -1/36 MP: 6/6
  3658 | D:4      | Reached skill level 5 in Dodging
  3658 | D:4      | Reached XP level 6. HP: 21/28 MP: 7/7
  3842 | D:4      | Found Naba's Armour Shop.
  4265 | D:4      | Reached skill level 6 in Dodging
  4299 | D:4      | Found Deowowk's Desiderata Depot.
  4374 | D:4      | Reached *** piety under Trog
  5111 | D:4      | Reached skill level 7 in Dodging
  5367 | D:4      | Found a staircase to the Ecumenical Temple.
  5408 | D:4      | Found Jaddi's Magic Scroll Shop.
  5427 | D:4      | Bought a scroll of silence for 82 gold pieces
  5427 | D:4      | Bought a scroll of identify for 22 gold pieces
  5427 | D:4      | Bought a scroll of teleportation for 33 gold pieces
  5427 | D:4      | Bought a scroll of magic mapping for 38 gold pieces
  5427 | D:4      | Bought a scroll of teleportation for 33 gold pieces
  5427 | D:4      | Bought a scroll of teleportation for 33 gold pieces
  5894 | D:5      | Entered Level 5 of the Dungeon
  5944 | D:5      | Reached XP level 7. HP: 28/31 MP: 8/8
  5960 | D:5      | Reached skill level 8 in Dodging
  6053 | D:5      | Found Feeraz's Armour Shoppe.
  6101 | D:5      | Noticed Grinder
  6111 | D:5      | Killed Grinder
  6112 | D:5      | Reached skill level 9 in Dodging
  6365 | D:5      | Reached skill level 10 in Dodging
  6435 | D:5      | Found a shimmering altar of Xom.
  6691 | D:5      | Reached XP level 8. HP: 11/34 MP: 9/9
  7552 | D:5      | Reached skill level 5 in Fighting
  9067 | D:6      | Reached XP level 9. HP: 42/42 MP: 10/10
  9716 | D:7      | Noticed a green ugly thing
  9732 | D:7      | Killed a green ugly thing
  9737 | D:7      | Reached skill level 11 in Dodging
  9767 | D:7      | Succumbed to an orc's poison
  9768 | D:7      | Reached XP level 8. HP: -4/40 MP: 9/9
  9862 | D:7      | Reached **** piety under Trog
 10825 | D:7      | Reached XP level 9. HP: 43/43 MP: 10/10
 10912 | D:8      | Noticed Erica
 10923 | D:8      | Killed Erica
 11233 | D:8      | Found a sacrificial altar of Ru.
 11261 | D:8      | Mangled by a wyvern

Illustrated notes

Levels and vault maps discovered:
D:1:      minmay_arrival_wavy_path, layout_loops_cross,
          dreamdust_ecumenical_altar_angels_and_demons,
          chequers_serial_rivers_micro_c
D:2:      layout_rooms
D:3:      layout_loops_ring, old_standard_altar,
          chequers_temple_overflow_statue_of_worship, serial_bayou_crossing
D:4:      layout_layer_cave, minmay_temple_entry_glassed_door,
          cheibrodos_sewer_entry_drain, serial_shops, shop,
          nicolae_shop_window_shopping, nicolae_alphabet_shops
D:5:      layout_gridville, xom_confusion_cloud, serial_shops, shop_statue,
          minmay_mini_ossuary, uniq_grinder
D:6:      layout_cave_pods
D:7:      layout_gridville, kennysheep_path_1, minmay_nine_imps
D:8:      layout_cave_pools, nicolae_elyvilon_temple_path, lemuel_round_altar,
          uniq_erica

Skill      XL: |  1  2  3  4  5  6  7  8  9 |
---------------+----------------------------+-----
Stealth        | 1 2 3 4 5 6 7 9 |  9.3
Unarmed Combat | 4 5 6 7 |  7.8
Dodging        | 5 7 10 11 | 11.6
Fighting       | 6 7 |  7.8

Action                   |  1- 3 |  4- 6 |  7- 9 || total
-------------------------+-------+-------+-------++-------
Melee: Unarmed           |    61 |   252 |   395 ||   708
       Bite              |     6 |    18 |    44 ||    68
       Punch             |     1 |     4 |    13 ||    18
Invok: Berserk           |     1 |    10 |    13 ||    24
       Trog's Hand       |       |     3 |     4 ||     7
  Use: Scroll            |       |     4 |     1 ||     5
       Potion            |       |       |     4 ||     4
 Stab: Sleeping          |     6 |    12 |     4 ||    22
       Distracted        |     2 |     1 |       ||     3
Armor: Skin              |     3 |    18 |    16 ||    37
Dodge: Dodged            |    41 |   232 |   373 ||   646
